 Dungeon Crawl Stone Soup version 0.26-b1-32-g5d43845318 (webtiles) character file.

Game seed: 13912804768872556277

35 wakim the Vandal (level 3, 0/24 HPs)
             Began as a Halfling Hunter on Jan 9, 2021.
             Slain by an adder (2 damage)
             ... on level 2 of the Dungeon.
             The game lasted 00:05:37 (774 turns).

wakim the Vandal (Halfling Hunter)                   Turns: 774, Time: 00:05:38

Health: 0/24       AC:  6    Str: 13    XL:     3   Next: 52%
Magic:  3/3        EV: 12    Int:  9    God:
Gold:   81         SH:  0    Dex: 15    Spells: 2/2 levels left

rFire    . . .     SeeInvis .   b - +0 short sword
rCold    . . .     Faith    .   (shield restricted)
rNeg     . . .     Spirit   .   l - +1 scale mail
rPois    .         Reflect  .   f - +2 helmet
rElec    .         Harm     .   (no cloak)
rCorr    .         Rampage  .   (no gloves)
Will     .....                  (no boots)
Stlth    ..........             n - amulet of inaccuracy (curse)
HPRegen  0.08/turn              h - ring of attention (curse)
MPRegen  0.08/turn              i - -4 ring of protection (curse)

@: lethally poisoned (0 -> -11)
A: small, mutation resistance 1
a: no special abilities


You were on level 2 of the Dungeon.
You visited 1 branch of the dungeon, and saw 2 of its levels.

You collected 81 gold pieces.

Inventory:

Hand Weapons
 a - a +1 hunting sling
 b - a +0 short sword (weapon)
 m - a +0 hunting sling
Missiles
 d - 15 sling bullets
 g - 3 curare-tipped darts (quivered)
 k - 16 stones
Armour
 c - a +0 leather armour
 f - a +2 helmet (worn)
 j - a cursed +0 plate armour
 l - a +1 scale mail (worn)
Jewellery
 h - a cursed ring of attention (left hand)
 i - a cursed -4 ring of protection (right hand)
 n - a cursed amulet of inaccuracy (around neck)
Scrolls
 o - a scroll of identify
Potions
 e - a potion of curing
 p - a potion of berserk rage {unknown}


   Skills:
 + Level 2.1 Fighting
 * Level 6.5 Slings
 + Level 1.2 Armour
 + Level 2.6 Dodging
 - Level 1.1 Stealth


You had 2 spell levels left.
You didn't know any spells.
Your spell library was empty.

Dungeon Overview and Level Annotations

Branches:
Dungeon (2/15)

Altars:


Innate Abilities, Weirdness & Mutations

You are small and have problems with some larger weapons.
You are somewhat resistant to further mutation.


Message History

You barely miss the adder.
* * * LOW HITPOINT WARNING * * *
You feel sick. The adder bites you but does no damage. The adder bites you.
* * * LOW HITPOINT WARNING * * *
You are more poisoned.
The adder poisons you!
You miss the adder.
* * * LOW HITPOINT WARNING * * *
You feel sick. The adder barely misses you.
You miss the adder.
* * * LOW HITPOINT WARNING * * *
You feel sick. The adder barely misses you.
The adder bites you but does no damage.
You barely miss the adder.
* * * LOW HITPOINT WARNING * * *
You feel sick. The adder bites you but does no damage.
You barely miss the adder.
* * * LOW HITPOINT WARNING * * *
You feel sick. The adder bites you.
You die...

#..######.#
#...................
##.##
##.###.###############.#.
#..# #<.......####
####.... ##.#
#.####..#............<...
#.# #.#
#..#.############### #.##
#.####....#####. #....
#..# #...............
#.###
##[####...#.###......
#..# #.#.#..@S(....(
##.###.#.#..##..?...
#..##.# #..# .....
##.##.#.#..# ####
#).....#..# ##...###..#
#...# #..# #...# #..#
##..# #..#


You could see an adder.

Vanquished Creatures
  A worm (D:2)
  A dart slug (D:2)
  3 leopard geckos (D:1)
  2 giant cockroaches (D:1)
  3 goblins
  2 hobgoblins
  3 bats
  6 kobolds
  5 rats (D:1)
26 creatures vanquished.

Notes
Turn   | Place    | Note
-------+----------+-------------------------------------------
     0 | D:1      | wakim the Halfling Hunter began the quest for the Orb.
     0 | D:1      | Reached XP level 1. HP: 14/14 MP: 1/1
    79 | D:1      | Reached skill level 6 in Slings
    87 | D:1      | Reached XP level 2. HP: 19/19 MP: 2/2
   302 | D:1      | Reached XP level 3. HP: 24/24 MP: 3/3
   374 | D:1      | Reached skill level 1 in Armour
   774 | D:2      | Slain by an adder

Illustrated notes

Levels and vault maps discovered:
D:1:      saegor_arrival_simple_c, layout_rooms, corexii_leaking_fountain
D:2:      layout_basic

Skill      XL: |  1  2  3 |
---------------+----------+-----
Slings         | 6 |  6.5
Fighting       | 2 |  2.1
Armour         | 1 |  1.2
Dodging        | |  2.6
Stealth        | |  1.1

Action                   || total
-------------------------++-------
Melee: Short sword       ||    39
 Fire: Hunting sling     ||    66
  Use: Scroll            ||     4
Armor: Leather armour    ||     2
       Scale mail        ||    19
Dodge: Dodged            ||    30
